AoeStats
← Gericault667

Black Forest

510323315Analyzed
4v4 RM · 1d ago on Sep 30, 2026· 40m 22s· 8 players
Game mode
Random Map
Map size
Large (8 player)
Population
200
Speed
Normal
Resources
Standard
Victory
Conquest
Starting age
Dark Age
Ending age
Imperial Age
RankedLock teamsTeams togetherTeam positionsShared explorationLock speedFull tech treeHidden civsTurbo modeCheats
Victory
Defeat
🇺🇸 Slavs · United States
1344
+16
🇭🇰 Celts · Hong Kong SAR China
1321
+17
🇹🇼 Persians · Taiwan
1310
+17
🇨🇳 Burgundians · China
1285
+18
🇬🇧 Saxons · United Kingdom
1396
-19
🇫🇷 Japanese · France
1368
-18
🇹🇷 Persians · Türkiye
1327
-17
🇨🇳 Spanish · China
1267
-14
50232516
0:29 Loom
15:49 Feudal Age
17:41 Double-Bit Axe
22:03 Castle Age
28:05 Imperial Age
27:08 Bow Saw
27:16 Fishing Lines
29:46 Wheelbarrow
34:08 Hand Cart
33:38 Town Watch
34:30 Conscription
36:25 Gillnets
38:00 Gold Mining
38:01 Stone Mining
MineirodeOuro
0:26 Loom
0:27 Loom
13:47 Feudal Age
19:56 Castle Age
17:37 Horse Collar
17:42 Double-Bit Axe
18:07 Gold Mining
18:55 Stone Mining
20:31 Wheelbarrow
21:11 Bow Saw
24:38 Gold Shaft Mining
26:52 Heavy Plow
29:18 Coinage
chengaopeng044
0:54 Loom
12:15 Feudal Age
16:10 Castle Age
15:19 Double-Bit Axe
19:00 Town Watch
23:49 Bow Saw
25:01 Bloodlines
26:05 Wheelbarrow
30:59 Husbandry
31:47 Gold Mining
32:22 Scale Barding Armor
32:28 Forging
33:06 Scale Mail Armor
34:41 Iron Casting
34:19 Horse Collar
34:32 Stone Mining
34:33 Pikeman
35:15 Squires
35:02 Arson
35:35 Chain Mail Armor
36:34 Caravan
36:50 Heavy Plow
37:07 Hand Cart
39:20 Gold Shaft Mining
39:28 Chain Barding Armor
TJU_NHBLUE
4:01 Loom
5:58 Double-Bit Axe
6:02 Loom
11:29 Feudal Age
14:07 Wheelbarrow
13:20 Loom
16:20 Castle Age
14:46 Bow Saw
14:25 Horse Collar
17:27 Wheelbarrow
21:26 Wheelbarrow
22:21 Gold Mining
22:40 Heavy Plow
27:30 Imperial Age
25:23 Hand Cart
26:14 Scale Barding Armor
26:27 Forging
27:22 Gold Shaft Mining
27:22 Chain Barding Armor
26:38 Cavalier
27:51 Forging
28:21 Husbandry
28:59 Plate Barding Armor
29:30 Chemistry
27:59 Paladin
31:03 Guilds
39:02 Fletching
39:13 Padded Archer Armor
40:29 Leather Archer Armor
Gericault667
7:00 Loom
9:28 Feudal Age
10:38 Arson
10:26 Man-at-Arms
14:47 Scale Mail Armor
17:01 Double-Bit Axe
18:45 Horse Collar
20:10 Wheelbarrow
30:04 Castle Age
30:33 Scale Barding Armor
30:39 Forging
30:46 Bloodlines
30:51 Light Cavalry
31:36 Husbandry
Frosty
4:39 Loom
11:25 Feudal Age
12:07 Double-Bit Axe
17:34 Castle Age
16:24 Horse Collar
20:29 Bow Saw
20:27 Heavy Plow
23:39 Bloodlines
23:33 Gold Mining
25:08 Gold Shaft Mining
26:07 Forging
26:03 Scale Barding Armor
27:18 Stone Mining
28:19 Devotion
33:22 Imperial Age
33:00 Cavalier
33:00 Heavy Camel Rider
33:42 Husbandry
34:52 Two-Man Saw
34:25 Crop Rotation
34:31 Stone Shaft Mining
34:28 Conscription
34:22 Citadels
35:17 Wheelbarrow
34:27 Town Watch
36:34 Hoardings
35:33 Savar
37:41 Iron Casting
37:27 Chain Barding Armor
37:58 Masonry
37:45 Murder Holes
39:33 Blast Furnace
41:04 Chemistry
40:25 Ballistics
40:36 Architecture
40:48 Faith
wagwan_son
13:30 Feudal Age
14:17 Double-Bit Axe
17:22 Castle Age
17:11 Fishing Lines
19:13 Bow Saw
21:31 Gillnets
24:48 Horse Collar
26:03 Gold Mining
26:37 Heavy Plow
28:01 Wheelbarrow
30:38 Imperial Age
28:10 Scale Mail Armor
28:20 Forging
28:39 Stone Mining
29:26 Gold Shaft Mining
29:20 Hand Cart
29:40 Chain Mail Armor
30:17 Iron Casting
29:45 Squires
29:31 Gambesons
29:32 Arson
30:40 Elite Varangian Guard
31:54 Plate Mail Armor
30:54 Capped Ram
34:40 Shield Wall
35:41 Conscription
36:15 Ballistics
35:47 Fletching
平安喜乐
0:37 Loom
14:16 Feudal Age
19:13 Castle Age
17:28 Double-Bit Axe
18:01 Horse Collar
23:04 Heavy Plow
28:22 Bow Saw
29:08 Padded Archer Armor
29:39 Gold Mining
31:56 Wheelbarrow
35:26 Imperial Age
33:54 Ballistics
Connection lost

Rejoining the realm…

Still unreachable

The connection could not be restored.

Session expired

The server has moved on; the page needs a fresh start.